 Dungeon Crawl Stone Soup version 0.26.1-11-gd32895ea62 (webtiles) character file.

Game seed: 5806873414165802853

1586 ubername the Slasher (level 8, 0/71 HPs)
             Began as a Minotaur Abyssal Knight on May 21, 2021.
             Was an Elder of Lugonu.
             Succumbed to Zeld's ghost's poison
             ... on level 5 of the Dungeon.
             The game lasted 00:12:08 (6830 turns).

ubername the Slasher (Minotaur Abyssal Knight)      Turns: 6830, Time: 00:12:09

Health: 0/71       AC: 14    Str: 19    XL:     8   Next: 61%
Magic:  1/8        EV:  9    Int: 15    God:    Lugonu [****..]
Gold:   278        SH:  4    Dex: 10    Spells: 7/7 levels left

rFire    . . .     SeeInvis .   a - +2 falchion
rCold    + . .     Faith    .   l - +0 buckler
rNeg     . . .     Spirit   +   m - +2 chain mail {Will+}
rPois    .         Reflect  .   (helmet unavailable)
rElec    .         Harm     .   j - +0 cloak
rCorr    .         Rampage  .   (no gloves)
Will     ++...                  (no boots)
Stlth    ..........             c - amulet of guardian spirit
HPRegen  0.21/turn              w - +6 ring of intelligence
MPRegen  0.11/turn              f - ring of protection from cold (curse)

@: lethally poisoned (0 -> -41)
A: retaliatory headbutt, horns 3, strong-willed 1, shaggy fur 1
a: Renounce Religion, Depart the Abyss, Bend Space, Banish, Corrupt


You were on level 5 of the Dungeon.
You worshipped Lugonu.
Lugonu was greatly pleased with you.
You visited 1 branch of the dungeon, and saw 5 of its levels.
You visited the Abyss 1 time.

You collected 278 gold pieces.

Inventory:

Hand Weapons
 a - a +2 falchion (weapon)
 d - a +0 rapier
 h - a +2 dagger of draining
 p - the +3 sling "Punk" {acid, rCorr}
   (You found it on level 4 of the Dungeon)

   It provides partial protection from all sources of acid and corrosion.
Missiles
 k - 12 poisoned darts (quivered)
Armour
 j - a +0 cloak (worn)
 l - a +0 buckler (worn)
 m - a +2 chain mail of willpower (worn)
Jewellery
 c - an amulet of guardian spirit (around neck)
 f - a cursed ring of protection from cold (right hand)
 n - a cursed amulet of inaccuracy {unknown}
 w - a +6 ring of intelligence (left hand)
Wands
 o - a wand of digging (5)
Scrolls
 b - 2 scrolls of enchant weapon
 e - 5 scrolls of identify
 g - 3 scrolls of teleportation
Potions
 i - a potion of lignification
 q - 2 potions of mutation
 r - a potion of ambrosia


   Skills:
 + Level 6.7 Fighting
 + Level 7.9 Long Blades
 + Level 6.4 Armour
 + Level 4.5 Dodging
 + Level 1.4 Stealth
 + Level 2.7 Shields
 + Level 2.4 Invocations


You had 7 spell levels left.
You didn't know any spells.
Your spell library was empty.

Dungeon Overview and Level Annotations

Branches:
Dungeon (5/15)             Temple (0/1) D:4

Altars:
Gozag
Hepliaklqana
Nemelex Xobeh
Okawaru

Annotations:
D:5 Zeld's ghost, novice OpNe


Innate Abilities, Weirdness & Mutations

You reflexively headbutt those who attack you in melee.
You have a pair of large horns on your head.
You are strong-willed. (Will+)
You are covered in fur. (AC +1)


Message History

* * * LOW HITPOINT WARNING * * *
You feel very sick. You block Zeld's ghost's attack.
You miss Zeld's ghost. You headbutt Zeld's ghost.
Zeld's ghost is severely damaged.
* * * LOW HITPOINT WARNING * * *
You feel very sick.
Zeld's ghost screams, "Do you think the gods will protect you?"
Zeld's ghost hits you but does no damage.
You are more poisoned.
You miss Zeld's ghost.
Zeld's ghost is severely damaged.
* * * LOW HITPOINT WARNING * * *
You feel very sick.
Zeld's ghost is infused with unholy energy.
* * * LOW HITPOINT WARNING * * *
Zeld's ghost draws life force from you and is healed!
You barely miss Zeld's ghost.
Zeld's ghost is severely damaged.
You die...

###.#.##.##.# ## #...........##
.# #.#...#......## .##
#.###.#..###..##
..####.##....##⌠##..## ######
............##...##..# #....##
.#####.....##..!..##.### #.##...
## ###...'...♣..⌠#...# #.#####
#....##..!@W##...####.#
#.....##...##.........# #
#...#..##⌠##...#.###### ##
#...##..###..#.#.###### .#
#...##.)..............####
#######...##)####.##...###.....#
#...............#.##...###.....#
........>..............#.......##
................#...#..#.#....>##


You could see Zeld's ghost.

Vanquished Creatures
  Sigmund (D:4)
  Duvessa (D:4)
  An ice beast (D:5)
  An ogre (D:4)
  A centaur (D:5)
  2 big kobolds (D:4)
  A gnoll sergeant (D:5)
  A bullfrog (D:2)
  Dowan (D:4)
  A gnoll shaman (D:5)
  An orc priest (D:5)
  A jelly (D:5)
  A bullfrog skeleton (D:5)
  5 orc wizards
  An iguana (D:4)
  Natasha (thrice) (D:2)
  3 worker ants
  A hound skeleton (D:4)
  8 gnolls (D:5)
  12 adders
  2 shadow imps (D:5)
  A white imp (D:5)
  An ooze (D:1)
  4 worms
  A dart slug (D:3)
  2 leopard geckos
  11 orcs
  4 giant cockroaches
  5 goblins
  12 hobgoblins
  3 jackals (D:5)
  5 quokkas
  3 ball pythons
  8 bats
  3 frilled lizards
  A giant cockroach zombie (D:5)
  14 kobolds
  A leopard gecko skeleton (D:4)
  A leopard gecko zombie (D:5)
  A quokka skeleton (D:4)
  5 rats
135 creatures vanquished.

Notes
Turn   | Place    | Note
-------+----------+-------------------------------------------
     0 | Abyss:1  | ubername the Minotaur Abyssal Knight began the quest for
                  | the Orb.
     0 | Abyss:1  | Reached XP level 1. HP: 19/19 MP: 1/1
    18 | D:1      | Escaped the Abyss
   305 | D:1      | Reached XP level 2. HP: 27/27 MP: 2/2
  1080 | D:2      | Noticed Natasha
  1087 | D:2      | Killed Natasha
  1088 | D:2      | Reached skill level 3 in Long Blades
  1088 | D:2      | Reached XP level 3. HP: 21/34 MP: 3/3
  1202 | D:2      | Noticed Natasha
  1430 | D:2      | Killed Natasha
  1431 | D:2      | Reached XP level 4. HP: 40/41 MP: 4/4
  1659 | D:2      | Reached ** piety under Lugonu
  1759 | D:2      | Noticed Natasha
  1769 | D:2      | Killed Natasha
  2001 | D:2      | Reached XP level 5. HP: 34/47 MP: 5/5
  2298 | D:2      | Reached skill level 5 in Fighting
  2298 | D:2      | Reached skill level 4 in Long Blades
  2463 | D:2      | Found an opulent altar of Gozag.
  2468 | D:2      | Found a sparkling altar of Nemelex Xobeh.
  2472 | D:2      | Found an iron altar of Okawaru.
  2782 | D:3      | Found an opulent altar of Gozag.
  3547 | D:4      | Reached XP level 6. HP: 48/56 MP: 6/6
  3685 | D:4      | Noticed Sigmund
  3703 | D:4      | Noticed Duvessa
  3706 | D:4      | Noticed Dowan
  3951 | D:3      | Gained mutation: You are strong-willed. (Will+) [potion of
                  | mutation]
  3951 | D:3      | Gained mutation: You are covered in fur. (AC +1) [potion of
                  | mutation]
  3951 | D:3      | Gained mutation: You have a pair of large horns on your
                  | head. [potion of mutation]
  4113 | D:4      | Reached skill level 5 in Long Blades
  4113 | D:4      | Reached skill level 1 in Shields
  4162 | D:4      | Found a staircase to the Ecumenical Temple.
  4239 | D:4      | Found a hazy altar of Hepliaklqana.
  4312 | D:4      | Reached *** piety under Lugonu
  4313 | D:4      | Reached skill level 1 in Stealth
  4313 | D:4      | Reached XP level 7. HP: 51/57 MP: 7/7
  4364 | D:4      | Killed Duvessa
  4432 | D:4      | Killed Dowan
  4731 | D:4      | Killed Sigmund
  4732 | D:4      | Reached skill level 6 in Long Blades
  4732 | D:4      | Reached skill level 5 in Armour
  4781 | D:4      | Found the +3 sling "Punk" {acid, rCorr}
  5124 | D:5      | Entered Level 5 of the Dungeon
  5176 | D:5      | Found a runed translucent door.
  5434 | D:5      | Reached XP level 8. HP: 47/70 MP: 4/8
  5568 | D:5      | Noticed Zeld's ghost (novice OpNe)
  5699 | D:5      | Reached skill level 7 in Long Blades
  6231 | D:5      | Reached **** piety under Lugonu
  6829 | D:5      | HP: 3/71 [Zeld's ghost/vampiric draining (7)]
  6830 | D:5      | Succumbed to Zeld's ghost's poison

Illustrated notes

Levels and vault maps discovered:
D:1:      dpeg_arrival_connections, layout_loops_ring, minmay_misc_feat_enclosed
D:2:      layout_loops_ring, grunt_temple_overflow_diamond, uniq_natasha
D:3:      layout_rooms, grunt_gozag_breadcrumbs
D:4:      cheibrodos_thug_alley, layout_cave_pools, kennysheep_mini_moat,
          minmay_temple_entry_from_below_a, minmay_fractal_squares_diagonal_5,
          uniq_duvessa, uniq_sigmund
D:5:      layout_loops_cross, hellmonk_ghost_happy_afterlife, st_stairs_4

Skill      XL: |  1  2  3  4  5  6  7  8 |
---------------+-------------------------+-----
Invocations    | 2 |  2.4
Fighting       | 4 5 6 |  6.7
Long Blades    | 3 4 5 6 7 |  7.9
Armour         | 3 4 5 6 |  6.4
Dodging        | 2 3 4 |  4.5
Shields        | 1 2 |  2.7
Stealth        | 1 |  1.4

Action                   |  1- 3 |  4- 6 |  7- 9 || total
-------------------------+-------+-------+-------++-------
Melee: Falchion          |    47 |   177 |   226 ||   450
       Headbutt          |     6 |    25 |    46 ||    77
Invok: Bend Space        |       |     1 |       ||     1
  Use: Scroll            |       |     9 |     3 ||    12
       Potion            |       |     7 |     1 ||     8
 Stab: Distracted        |       |     1 |       ||     1
Armor: Leather armour    |    10 |    42 |     3 ||    55
       Chain mail        |       |       |   113 ||   113
Dodge: Dodged            |    27 |   110 |    84 ||   221
Block: Buckler           |       |    25 |    33 ||    58
       Rpst.: Falchion   |     7 |    31 |    24 ||    62
